 Dungeon Crawl Stone Soup version 0.22-a0-379-ga9d99d6 (webtiles) character file.

41 sankara the Grave Robber (level 3, -2/26 HPs)
             Began as a Ghoul Necromancer on Apr 28, 2018.
             Slain by an orc priest
             ... wielding a +0 short sword
              (6 damage)
             ... on level 3 of the Dungeon.
             The game lasted 00:04:14 (1076 turns).

sankara the Grave Robber (Ghoul Necromancer)        Turns: 1076, Time: 00:04:15

Health: -2/26      AC:  2    Str: 16    XL:     3   Next: 52%
Magic:  3/6        EV: 12    Int: 11    God:
Gold:   38         SH:  0    Dex:  9    Spells: 5/7 levels left

rFire    . . .     SeeInvis .   a - +0 mace
rCold    + . .     Gourm    .   (no shield)
rNeg     + + +     Faith    .   j - +0 robe
rPois    ∞         Spirit   .   (no helmet)
rElec    .         Reflect  .   (no cloak)
rCorr    .         Harm     .   (no gloves)
MR       .....                  (no boots)
Stlth    ++........             (no amulet)
HPRegen  0.00/turn              (no ring)
MPRegen  0.10/turn              (no ring)

@: mighty, very slightly contaminated, rotting
A: rotting body, claws 1, carnivore, cold resistance 1, negative energy
resistance 3, inhibited regeneration, torment resistance, unbreathing
a: no special abilities


You were on level 3 of the Dungeon.
You were not hungry.

You visited 1 branch of the dungeon, and saw 3 of its levels.

You collected 38 gold pieces.

Inventory:

Hand Weapons
 a - a +0 mace (weapon)
   (You found it on level 1 of the Dungeon)
 b - a +0 hand axe
   (You found it on level 1 of the Dungeon)
Missiles
 d - 21 stones (quivered)
Armour
 j - a +0 robe (worn)
 k - a +0 leather armour
   (You found it on level 1 of the Dungeon)
Scrolls
 f - 2 scrolls of magic mapping {unknown}
 i - a scroll of identify
 l - a scroll of amnesia {unknown}
Potions
 e - 2 potions of degeneration {unknown}
 h - a potion of mutation {unknown}
Comestibles
 c - 2 rations


   Skills:
 + Level 1.6 Maces & Flails
 - Level 1.7 Dodging
 - Level 2.1 Stealth
 + Level 2.6 Spellcasting
 - Level 4.0 Necromancy


You had 5 spell levels left.
You knew the following spells:

 Your Spells              Type           Power        Failure   Level  Hunger
a - Pain                  Necr           ##..         5%          1    ##.....
b - Animate Skeleton      Necr           N/A          5%          1    ##.....


Dungeon Overview and Level Annotations

Branches:
Dungeon (3/15)

Altars:


Innate Abilities, Weirdness & Mutations

Your body is rotting away.
You thrive on raw meat.
You are immune to poison.
You have sharp fingernails.
You are carnivorous and can eat meat at any time.
Your flesh is cold resistant. (rC+)
You are immune to negative energy. (rN+++)
You do not regenerate when monsters are visible.
You are immune to unholy pain and torment.
You can survive without breathing.


Message History

The adder bites you but does no damage. The adder bites you.
You miss the adder.
The adder is almost dead.
The adder bites you. The adder closely misses you.
You barely miss the adder.
The adder is almost dead.
The adder bites you but does no damage. The adder misses you.
You closely miss the adder.
The adder is almost dead.
The adder bites you.
You closely miss the adder.
The adder is almost dead.
The adder bites you. x2
You hit the adder.
You kill the adder!
You see here a frilled lizard corpse.
You butcher the frilled lizard corpse.
m - a chunk of flesh {@w0} You see here a kobold corpse.
You butcher the kobold corpse.
m - 3 chunks of flesh {@w0} (gained 2) Eating one of 3 chunks of flesh {@w0}.
You eat one of the 3 chunks of flesh {@w0}.
This raw flesh tastes great!
Eating one of 2 chunks of flesh {@w0}.
You eat one of the 2 chunks of flesh {@w0}.
This raw flesh tastes great!
Eating a chunk of flesh {@w0}.
You eat the chunk of flesh {@w0}.
This raw flesh tastes great!
d - 21 stones (gained 1)
Found an escape hatch in the floor.
Found a stone staircase leading up.
i - 2 scrolls labeled EBAALA TAUST (gained 1)
There is a stone staircase leading down here.
You start resting.
Magic restored.
You climb downwards.
There is a stone staircase leading up here.
You enter a teleport trap!
The teleport trap disappears.
Your surroundings suddenly seem different.
A frilled lizard and 2 orcs come into view.
A goblin comes into view.
The goblin shouts!
The frilled lizard hisses angrily.
An orc priest comes into view. It is wielding a short sword.
Casting: Pain (safe; 5% risk of failure)
Confirm with . or Enter, or press ? or * to list all spells.
Aiming: Pain (safe; 5% risk of failure)
Press: ? - help, Shift-Dir - straight line, f - orc priest
Aim: an orc priest, wielding a short sword (hasn't noticed you, chance to defeat MR: 63%)
The orc priest shouts!
The orc priest writhes in agony!
The orc priest moves out of view.
An orc comes into view. It is wielding a whip.
Casting: Pain (safe; 5% risk of failure)
Confirm with . or Enter, or press ? or * to list all spells.
Aiming: Pain (safe; 5% risk of failure)
Press: ? - help, Shift-Dir - straight line, f/p - orc priest
Aim: an orc priest, wielding a short sword (lightly wounded, chance to defeat MR: 63%)
You miscast Pain.
You are very lightly contaminated with residual magic.
You smell decay.
The frilled lizard barely misses you.
The orc priest looks encouraged for a moment.
Casting: Pain (safe; 5% risk of failure)
Confirm with . or Enter, or press ? or * to list all spells.
Aiming: Pain (safe; 5% risk of failure)
Press: ? - help, Shift-Dir - straight line, f/p - orc priest
Aim: an orc priest, wielding a short sword (lightly wounded, chance to defeat MR: 63%)
You miscast Pain.
Nothing appears to happen.
The frilled lizard bites you.
Casting: Pain (safe; 5% risk of failure)
Confirm with . or Enter, or press ? or * to list all spells.
Okay, then.
You hit the frilled lizard.
The frilled lizard is heavily wounded.
The frilled lizard bites you.
The orc priest looks satisfied for a moment.
The frilled lizard closely misses you.
You miss the frilled lizard.
The frilled lizard is heavily wounded.
The goblin barely misses you. The frilled lizard closely misses you.
As you read the scroll labeled EBAALA TAUST, it crumbles to dust.
It is a scroll of identify.
g - a potion of might The goblin completely misses you.
The frilled lizard misses you.
Okay, then.
You feel very mighty all of a sudden. The goblin hits you.
The frilled lizard barely misses you.
You sock the frilled lizard!
You kill the frilled lizard!
The goblin hits you. The goblin misses you.
A goblin comes into view. It is wielding a club.
You hit the goblin.
You kill the goblin!
The orc shouts!
You thump the orc!
You kill the orc!
You barely miss the orc priest.
The orc priest is lightly wounded.
The orc priest mumbles some strange prayers to Beogh against you.
Beogh smites you!
* * * LOW HITPOINT WARNING * * *
The orc priest hits you with a short sword.
You die...

... #.# #.#
# #.# # #.
#.#.#
###.o##.#.#
..o.......#
#.# #@#
....ogo.#
.....####
.... ###


You could see an orc priest, an orc and a goblin.

Vanquished Creatures
  An adder (D:2)
  An ooze (D:1)
  2 dart slugs (D:1)
  An orc (D:3)
  2 bats (D:1)
  A giant cockroach (D:1)
  3 goblins
  3 hobgoblins (D:1)
  2 jackals (D:1)
  3 kobolds
  2 frilled lizards
21 creatures vanquished.

Notes
Turn   | Place    | Note
-------+----------+-------------------------------------------
     0 | D:1      | sankara the Ghoul Necromancer began the quest for the Orb.
     0 | D:1      | Reached XP level 1. HP: 14/14 MP: 2/2
     2 | D:1      | Learned a level 1 spell: Animate Skeleton
   284 | D:1      | Reached skill level 2 in Spellcasting
   417 | D:1      | Reached XP level 2. HP: 16/20 MP: 4/4
   675 | D:1      | Reached skill level 1 in Maces & Flails
   835 | D:1      | Reached XP level 3. HP: 20/26 MP: 5/5
  1076 | D:3      | HP: 4/26 [orc priest/divine providence (10)]
  1076 | D:3      | Slain by an orc priest

Vault maps used:
D:1:      dpeg_arrival_snail
D:2:      chequers_ecumenical_altar_simple, columned_hall_lemuel, uniq_jessica

Skill      XL: |  1  2 |
---------------+-------+-----
Spellcasting   | 2 |  2.6
Maces & Flails | 1 |  1.6
Dodging        | |  1.7
Stealth        | |  2.1
Necromancy     | |  4.0

Action                   || total
-------------------------++-------
Melee: Mace              ||    54
       Unarmed           ||     3
       Hand axe          ||     2
 Cast: Pain              ||    24
  Use: Scroll            ||     1
       Potion            ||     1
 Stab: Sleeping          ||     1
  Eat: Chunk             ||     5
Armor: Robe              ||     7
Dodge: Dodged            ||    58

Table legend:
 A = Spawn XP
 B = Non-spawn XP
 C = Spawn XP percentage of total XP
 D = Spawn monster count
 E = Non-spawn monster count
 F = Spawn count percentage of total count
 G = Total turns spent on level
                    A         B        C        D         E        F      G
               +---------+---------+-------+---------+---------+-------+---------
         Total |       0 |      59 |   0.0 |       0 |      21 |   0.0 |  1076
               +---------+---------+-------+---------+---------+-------+---------
           D:1 |       0 |      36 |   0.0 |       0 |      14 |   0.0 |   981
           D:2 |       0 |      17 |   0.0 |       0 |       4 |   0.0 |    78
           D:3 |       0 |       6 |   0.0 |       0 |       3 |   0.0 |    17
               +---------+---------+-------+---------+---------+-------+---------

Vault maps used:
D:1:      dpeg_arrival_snail
D:2:      chequers_ecumenical_altar_simple, columned_hall_lemuel, uniq_jessica

Table legend:
 A = Turns spent in this place as a percentage of turns spent in the entire game.
 B = Non-inter-level travel turns spent in this place as a percentage of non-inter-level travel turns spent in the entire game.
 C = Inter-level travel turns spent in this place as a percentage of turns spent in this place.
 D = Turns resting spent in this place as a percentage of non-inter-level travel turns spent in this place.
 E = Turns spent auto-exploring this place as a percentage of non-inter-level travel turns spent in this place.
 F = Non-inter-level travel turns spent in this place divided by the number of levels of this place that you've seen.
                   A       B       C       D       E      F
               +-------+-------+-------+-------+-------+----------------------
         Total | 100.0 | 100.0 |   2.4 |  35.4 |  42.6 | 350.0
       Dungeon | 100.0 | 100.0 |   2.4 |  35.4 |  42.6 | 350.0
               +-------+-------+-------+-------+-------+----------------------

Table legend:
 A = Kills in this place as a percentage of kills in entire the game.
 B = Kills by you in this place as a percentage of kills by you in the entire game.
 C = Kills by friends in this place as a percentage of kills by friends in the entire game.
 D = Other kills in this place as a percentage of other kills in the entire game.
 E = Experience gained in this place as a percentage of experience gained in the entire game.
 F = Experience gained in this place divided by the number of levels of this place that you have seen.
                   A       B       C       D       E      F
               +-------+-------+-------+-------+-------+----------------------
         Total | 100.0 | 100.0 |   N/A |   N/A | 100.0 |  19.7
       Dungeon | 100.0 | 100.0 |   N/A |   N/A | 100.0 |  19.7
               +-------+-------+-------+-------+-------+----------------------
